 Dungeon Crawl Stone Soup version 0.29-a0-88-g03a7b78be7 (webtiles) character file.

Game seed: 8924342091468995144

215 Cecur the Digger (level 6, 0/43 HPs)
             Began as a Formicid Wanderer on Feb 5, 2022.
             Was an Initiate of Yredelemnul.
             Slain by a giant cockroach (1 damage)
             ... on level 4 of the Dungeon.
             The game lasted 00:05:39 (2344 turns).

Cecur the Digger (Formicid Wanderer)                Turns: 2344, Time: 00:05:42

Health: 0/43       AC:  9    Str: 18    XL:     6   Next: 15%
Magic:  7/7        EV: 10    Int: 11    God:    Yredelemnul [......]
Gold:   140        SH:  7    Dex: 11    Spells: 6/7 levels left

rFire   . . .      SeeInvis +   a - +0 quarterstaff
rCold   . . .      Faith    .   h - +0 kite shield
rNeg    . . .      Spirit   .   f - +0 ring mail
rPois   .          Reflect  .   (helmet unavailable)
rElec   .          Harm     .   b - +0 cloak
rCorr   .          Rampage  .   (no gloves)
Will    .....                   e - +2 pair of boots
Stlth   +.........              (no amulet)
HPRegen 0.14/turn               (no ring)
MPRegen 0.10/turn               (no ring)

@: studying Earth Magic
A: permanent stasis, dig shafts and tunnels, antennae 3, four strong arms
a: Dig, Shaft Self, Renounce Religion, Recall Undead Harvest


You were on level 4 of the Dungeon.
You worshipped Yredelemnul.
Yredelemnul was noncommittal.
You visited 1 branch of the dungeon, and saw 4 of its levels.

You collected 140 gold pieces.

Inventory:

Hand Weapons
 a - a +0 quarterstaff (weapon)
 m - a +3 dagger
Missiles
 c - 95 stones
 o - a throwing net
Armour
 b - a +0 cloak (worn)
 d - a +0 leather armour
 e - a +2 pair of boots (worn)
 f - a +0 ring mail (worn)
 h - a +0 kite shield (worn)
Scrolls
 g - 4 scrolls of identify {unknown}
 i - 2 scrolls of teleportation {unknown}
 n - a scroll of magic mapping {unknown}
Potions
 j - a potion of degeneration {unknown}
 k - a potion of haste {unknown}
 l - a potion of heal wounds {unknown}


   Skills:
 + Level 1.5 Fighting
 + Level 3.2 Staves
 * Level 1.5 Armour
 + Level 3.6 Dodging
 * Level 2.0 Shields
 + Level 1.1 Spellcasting
 + Level 5.6 Earth Magic


You had 6 spell levels left.
You knew the following spells:

 Your Spells              Type           Power      Damage    Failure   Level
a - Sandblast             Erth           26%        2d8       14%         1

Your spell library contained the following spells:

 Spells                   Type           Power      Damage    Failure   Level
 Stone Arrow              Conj/Erth      12%        3d7       80%         3
 Slow                     Hex            0%         N/A       82%         1
 Confusing Touch          Hex            0%         N/A       99%         3
 Vampiric Draining        Necr           0%         2d6       99%         3
 Petrify                  Tmut/Erth      6%         N/A       99%         4


Dungeon Overview and Level Annotations

Branches:
Dungeon (4/15)
 Temple: D:4-7

Altars:
Gozag
Yredelemnul

Shops:
D:2 [**


Innate Abilities, Weirdness & Mutations

You cannot be hasted, slowed, berserked, paralysed or teleported.
You can dig through walls and to a lower floor.
You have a pair of large antennae on your head. (SInv)
Your four strong arms can wield two-handed weapons with a shield.


Message History

You hit the quokka.
You kill the quokka!
A black mist starts to gather...
You feel sick. The adder bites you.
* * * LOW HITPOINT WARNING * * *
You feel sick.
You feel sick.
A giant cockroach comes into view.
You feel sick. The adder bites you but does no damage.
You feel sick.
You are no longer poisoned.
Found 12 stones.
Found a giant spiked club.
The kobold hits you but does no damage.
Your quokka zombie bites the kobold.
The adder closely misses you.
The kobold throws a poisoned dart.
You block the poisoned dart.
Your quokka zombie bites the kobold.
The kobold dies!
Your quokka zombie bites the hobgoblin but does no damage.
The adder bites you.
* * * LOW HITPOINT WARNING * * *
You closely miss the adder. You block the adder's attack.
Your quokka zombie misses the hobgoblin.
You barely miss the adder. The adder bites you but does no damage.
You block the adder's attack.
A worm comes into view.
You hit the adder.
The adder is lightly wounded.
You block the adder's attack. The hobgoblin barely misses you.
The giant cockroach barely misses you.
Your quokka zombie bites the adder.
You block the adder's attack.
The hobgoblin hits you but does no damage.
You hit the adder but do no damage.
The adder is heavily wounded.
The giant cockroach bites you but does no damage.
The adder closely misses you.
Your quokka zombie barely misses the adder.
The hobgoblin hits you but does no damage.
The giant cockroach bites you.
You die...
Your body rises from the dead as a mindless zombie.

#..#. # ..w.
###.## ...# ....#.
...# ###
......##..# ...
......)#..##.# .#
#...........#
#.##......@...####
.......?gSB#....#
........Z.#.#(..
#.#...........##
#.#..........##
#.....).[.#.##
#.........###
##<........#
#!...####.##


You could see a worm, an adder (ally target), a giant cockroach, a hobgoblin and
a friendly quokka zombie.

Vanquished Creatures
  A necrophage (D:3)
  A hound (D:3)
  2 gnolls (D:3)
  An adder (D:2)
  4 dart slugs
  2 bats
  6 endoplasms (D:1)
  2 giant cockroaches
  4 goblins (D:1)
  A hobgoblin (D:3)
  4 jackals (D:1)
  2 quokkas
  3 ball pythons
  2 frilled lizards (D:1)
  9 kobolds
  5 rats
49 creatures vanquished.

Vanquished Creatures (collateral kills)
  A gnoll (D:3)
  2 endoplasms
  A goblin (D:3)
  A hobgoblin (D:1)
  A bat (D:1)
  2 kobolds
8 creatures vanquished.

Vanquished Creatures (others)
  A ball python zombie (D:1)
  A goblin zombie (D:1)
  2 kobold zombies
  A quokka zombie (D:1)
  A rat zombie (D:1)
  3 spectral endoplasms
9 creatures vanquished.

Grand Total: 66 creatures vanquished

Notes
Turn   | Place    | Note
-------+----------+-------------------------------------------
     0 | D:1      | Cecur the Formicid Wanderer began the quest for the Orb.
     0 | D:1      | Cecur set off with the following items: a +0 quarterstaff,
                  | a +0 cloak, 16 stones, a +0 leather armour; and the
                  | following spell memorised: Sandblast; and the following
                  | spells available to memorise: Stone Arrow, Petrify
     0 | D:1      | Reached XP level 1. HP: 15/15 MP: 2/2
    35 | D:1      | Reached skill level 5 in Earth Magic
    47 | D:1      | Reached XP level 2. HP: 20/21 MP: 3/3
   177 | D:1      | You fall into a shaft and drop 1 floor!
   201 | D:2      | Reached XP level 3. HP: 16/26 MP: 4/4
   361 | D:2      | Found Fall's Assorted Antiques.
   561 | D:2      | Found Viomau's General Store.
   610 | D:2      | Found Zejazoom's Antique Armour Shoppe.
   711 | D:1      | Found a faded altar of an unknown god.
   733 | D:1      | Prayed at the altar of an unknown god.
   733 | D:1      | Became a worshipper of Yredelemnul the Dark
   733 | D:1      | Reached * piety under Yredelemnul
   777 | D:1      | Reached XP level 4. HP: 32/32 MP: 5/5
  1011 | D:3      | Noticed a necrophage
  1050 | D:3      | Killed a necrophage
  1051 | D:3      | Reached skill level 1 in Shields
  1051 | D:3      | Reached XP level 5. HP: 7/37 MP: 6/6
  1411 | D:3      | Reached skill level 1 in Armour
  1848 | D:3      | Found an opulent altar of Gozag.
  1856 | D:3      | Reached XP level 6. HP: 37/43 MP: 7/7
  1864 | D:3      | Reached ** piety under Yredelemnul
  2332 | D:4      | HP: 2/43 [poisoned by a kobold]
  2340 | D:4      | HP: 1/43 [adder (2)]
  2344 | D:4      | Slain by a giant cockroach

Illustrated notes

Levels and vault maps discovered:
D:1:      amcnicky_arrival_flooded_fountain, layout_basic,
          ebering_ecumenical_altar_rust
D:2:      layout_rooms, serial_shops, shop, shop, nicolae_shop_waterfront
D:3:      layout_basic, nicolae_gozag_cash_rules_everything_around_me
D:4:      layout_rooms, minmay_bisected, uniq_blork_the_orc

Skill      XL: |  1  2  3  4  5  6 |
---------------+-------------------+-----
Earth Magic    | 5 |  5.6
Dodging        | 3 |  3.6
Staves         | 3 |  3.2
Shields        | 1 2 |  2.0
Armour         | 1 |  1.5
Fighting       | |  1.5
Spellcasting   | |  1.1

Action                   |  1- 3 |  4- 6 || total
-------------------------+-------+-------++-------
Melee: Quarterstaff      |    76 |    91 ||   167
Armor: Leather armour    |    10 |       ||    10
       Ring mail         |    39 |    43 ||    82
Dodge: Dodged            |    58 |    51 ||   109
Block: Kite shield       |    11 |    41 ||    52

Table legend: (Time is in decaauts)
 A = Elapsed time spent in this place.
 B = Non-inter-level travel time spent in this place.
 C = Inter-level travel time spent in this place.
 D = Time resting spent in this place.
 E = Time spent auto-exploring this place.
 F = Levels seen in this place.
 G = Mean time per level.
                   A        B        C        D        E       F      G
               +--------+--------+--------+--------+--------+-----+--------+
         Total |   2397 |   2397 |      0 |      0 |   1822 |   4 |  599.2 |
       Dungeon |   2397 |   2397 |      0 |      0 |   1822 |   4 |  599.2 |
               +--------+--------+--------+--------+--------+-----+--------+

Top non-repeatable levels by time:
     D:3: 1320 daAuts
     D:2: 537 daAuts
     D:1: 504 daAuts
     D:4: 34 daAuts
